 Dungeon Crawl Stone Soup version 0.22-a0-877-g5c4e1af (webtiles) character file.

1043 prawnwizard the Slasher (level 8, -1/65 HPs)
             Began as a Demonspawn Gladiator on July 29, 2018.
             Was an Initiate of Ru.
             Killed by divine providence
             ... invoked by an orc priest
              (11 damage)
             ... on level 6 of the Dungeon.
             The game lasted 00:08:00 (5507 turns).

prawnwizard the Slasher (Demonspawn Gladiator)      Turns: 5507, Time: 00:08:01

Health: -1/65      AC: 15    Str: 17    XL:     8   Next: 4%
Magic:  8/8        EV:  9    Int:  9    God:    Ru [......]
Gold:   366        SH:  0    Dex: 15    Spells: 7/7 levels left

rFire    . . .     SeeInvis .   a - +0 long sword
rCold    + . .     Gourm    .   (no shield)
rNeg     . . .     Faith    .   e - +0 chain mail (curse)
rPois    .         Spirit   .   c - +0 helmet
rElec    .         Reflect  .   (no cloak)
rCorr    .         Harm     .   w - +2 pair of gloves
MR       .....                  j - +0 pair of boots
Stlth    ..........             (no amulet)
HPRegen  0.20/turn              (no ring)
MPRegen  0.11/turn              (no ring)

@: no status effects
A: rugged brown scales 2, cold resistance 1, spiny 1
a: Renounce Religion


You were on level 6 of the Dungeon.
You worshipped Ru.
Ru was noncommittal.
You were not hungry.

You visited 2 branches of the dungeon, and saw 7 of its levels.

You collected 366 gold pieces.

Inventory:

Hand Weapons
 a - a +0 long sword (weapon)
Missiles
 d - 3 throwing nets (quivered)
Armour
 c - a +0 helmet (worn)
 e - a cursed +0 chain mail (worn)
 j - a +0 pair of boots (worn)
 w - a +2 pair of gloves (worn)
Jewellery
 v - an uncursed amulet of regeneration {unknown}
Wands
 p - a wand of flame (24)
 s - a wand of polymorph (9)
 t - a wand of random effects (28)
Scrolls
 b - a scroll of blinking {unknown}
 g - a scroll of teleportation {unknown}
 h - 2 scrolls of fear {unknown}
 k - a scroll of enchant armour {unknown}
 l - 4 scrolls of remove curse {unknown}
 n - 7 scrolls of identify {unknown}
 q - 2 scrolls of immolation {unknown}
 u - a scroll of enchant weapon {unknown}
Potions
 i - 3 potions of resistance {unknown}
 m - 2 potions of brilliance {unknown}
 o - a potion of might {unknown}
 r - 3 potions of flight {unknown}
 x - a potion of lignification {unknown}
 z - a potion of degeneration {unknown}
Comestibles
 f - 13 rations
 A - 4 chunks of flesh


   Skills:
 + Level 5.0 Fighting
 * Level 6.6 Long Blades
 - Level 1.7 Throwing
 + Level 5.0 Dodging


You had 7 spell levels left.
You didn't know any spells.
Your spell library contained the following spells:

 Spells                   Type           Power        Failure   Level  Hunger
 Apportation              Tloc           #.....       100%        1    ##.....
 Summon Small Mammal      Summ           #...         100%        1    ##.....
 Animate Skeleton         Necr           N/A          100%        1    ##.....
 Confusing Touch          Hex            #.....       100%        1    ##.....


Dungeon Overview and Level Annotations

Branches:
Dungeon (6/15)             Temple (1/1) D:5

Altars:
Ashenzari
Cheibriados
Elyvilon
Fedhas
Hepliaklqana
Nemelex Xobeh
Okawaru
Qazlal
Ru
Sif Muna
Trog
Uskayaw
Vehumet
Xom
Yredelemnul
The Shining One

Shops:
D:4 ?


Innate Abilities, Weirdness & Mutations

You are mostly covered in rugged brown scales. (AC +2, +5% HP)
Your flesh is cold resistant. (rC+)
You are partially covered in sharp spines.


Message History

You hit the orc warrior but do no damage.
The orc warrior is moderately wounded.
Unknown command.
You barely miss the orc priest.
The orc priest is moderately wounded.
The orc priest looks satisfied for a moment.
The orc priest splashes around in the water.
You hit the orc priest but do no damage.
The orc priest is moderately wounded.
The orc warrior closely misses you.
The orc priest is struck by your spines.
The orc priest completely misses you.
You riposte.
You hit the orc priest.
The orc priest is almost dead.
You barely miss the orc priest.
The orc priest is almost dead.
The orc warrior hits you with a glaive!
* * * LOW HITPOINT WARNING * * *
The orc priest invokes the aid of Beogh against you.
Beogh smites you!
You die...

#...#...#...#..#
#...###≈#≈###..#
#
#.#.....#.....#
#
#.#...#.#.#...#
###
#.#...#####...#
#..
#.#..)#_#.#=)o#
#..
#.#...).#....o#
#...
#...###≈#o###..#
##..
#...#...#@o.#..#
###
#...#.......#..#
#
#..####...####..
# #...#.......
..# #
#...#.......# ..
#........####
..# ##########
#.


You could see an orc warrior and an orc priest.

Vanquished Creatures
  2 ice beasts
  An ogre (D:6)
  A bullfrog (D:6)
  A water moccasin skeleton (D:4)
  2 scorpions
  2 hounds
  A jelly (D:6)
  An orc priest (D:6)
  2 bullfrog skeletons (D:5)
  An orc wizard (D:6)
  3 worker ants
  A hound skeleton (D:6)
  A worker ant zombie (D:5)
  4 gnolls
  8 adders
  2 shadow imps
  3 adder skeletons
  4 leopard geckos
  9 orcs
  3 ball pythons
  5 giant cockroaches
  11 goblins
  10 hobgoblins
  12 jackals
  A quokka (D:2)
  4 bats
  3 frilled lizards
  49 kobolds
  A quokka zombie (D:5)
  3 rats
151 creatures vanquished.

Notes
Turn   | Place    | Note
-------+----------+-------------------------------------------
     0 | D:1      | prawnwizard the Demonspawn Gladiator began the quest for the Orb.
     0 | D:1      | Reached XP level 1. HP: 16/16 MP: 1/1
    70 | D:1      | Reached skill level 3 in Long Blades
    71 | D:1      | Gained mutation: You are partially covered in rugged brown scales. (AC +1, +3% HP) [demonic ancestry]
    71 | D:1      | Reached XP level 2. HP: 6/22 MP: 2/2
   709 | D:1      | Reached XP level 3. HP: 27/28 MP: 3/3
  1175 | D:2      | Gained mutation: You are partially covered in sharp spines. [demonic ancestry]
  1175 | D:2      | Reached XP level 4. HP: 34/35 MP: 4/4
  1638 | D:3      | Found an iron altar of Okawaru.
  2008 | D:3      | Reached skill level 4 in Long Blades
  2020 | D:3      | Gained mutation: Your flesh is cold resistant. (rC+) [demonic ancestry]
  2020 | D:3      | Reached XP level 5. HP: 25/42 MP: 5/5
  3204 | D:4      | Found Neggaac's Magic Scroll Shop.
  3208 | D:4      | Gained mutation: You are mostly covered in rugged brown scales. (AC +2, +5% HP) [demonic ancestry]
  3208 | D:4      | Reached XP level 6. HP: 41/49 MP: 6/6
  3391 | D:4      | Reached skill level 5 in Long Blades
  3851 | D:5      | Entered Level 5 of the Dungeon
  3930 | D:5      | Noticed an ice beast
  3945 | D:5      | Killed an ice beast
  4304 | D:5      | Reached XP level 7. HP: 56/56 MP: 7/7
  4323 | D:5      | Found a staircase to the Ecumenical Temple.
  4689 | Temple   | Entered the Ecumenical Temple
  5084 | D:6      | Found a bloodstained altar of Trog.
  5296 | D:6      | Reached skill level 6 in Long Blades
  5435 | D:6      | Found a sacrificial altar of Ru.
  5462 | D:6      | Reached skill level 5 in Dodging
  5462 | D:6      | Reached XP level 8. HP: 46/64 MP: 8/8
  5478 | D:6      | Became a worshipper of Ru the Awakened
  5484 | D:6      | Reached skill level 5 in Fighting
  5507 | D:6      | Killed from afar by an orc priest

Vault maps used:
D:1:      grunt_arrival_lava_bath
D:2:      wad_pebble_path
D:3:      minmay_goblin_kobold_castle, okawaru_metal_pillars_3,
          corexii_leaking_fountain, fountainhead
D:4:      first_ration, serial_shops, shop
D:5:      minmay_temple_entry_statues
D:6:      hangedman_ru_absence, basic_altar
Temple:   eino_temple_lava

Skill      XL: |  1  2  3  4  5  6  7  8 |
---------------+-------------------------+-----
Long Blades    | 3 4 5 6 |  6.6
Dodging        | 3 4 5 |  5.0
Fighting       | 3 4 5 |  5.0
Throwing       | |  1.7

Action                   |  1- 3 |  4- 6 |  7- 9 || total
-------------------------+-------+-------+-------++-------
Melee: Long sword        |   122 |   160 |    82 ||   364
  Eat: Chunk             |     1 |    10 |     4 ||    15
Armor: Leather armour    |    70 |    48 |       ||   118
       Chain mail        |       |    21 |    40 ||    61
Dodge: Dodged            |   110 |   128 |    34 ||   272
       Rpst.: Long sword |    35 |    28 |    12 ||    75

Table legend:
 A = Spawn XP
 B = Non-spawn XP
 C = Spawn XP percentage of total XP
 D = Spawn monster count
 E = Non-spawn monster count
 F = Spawn count percentage of total count
 G = Total turns spent on level
                    A         B        C        D         E        F      G
               +---------+---------+-------+---------+---------+-------+---------
         Total |       0 |    1490 |   0.0 |       0 |     151 |   0.0 |  5507
               +---------+---------+-------+---------+---------+-------+---------
           D:1 |       0 |      41 |   0.0 |       0 |      23 |   0.0 |   791
           D:2 |       0 |      94 |   0.0 |       0 |      26 |   0.0 |  1033
           D:3 |       0 |     174 |   0.0 |       0 |      60 |   0.0 |  1276
           D:4 |       0 |     189 |   0.0 |       0 |      10 |   0.0 |   751
           D:5 |       0 |     452 |   0.0 |       0 |      20 |   0.0 |  1332
           D:6 |       0 |     540 |   0.0 |       0 |      12 |   0.0 |   252
               +---------+---------+-------+---------+---------+-------+---------
